 Dungeon Crawl Stone Soup version 0.23-a0-673-g3803c42f16 (webtiles) character file.

52 EnegeticOcto the Stinger (level 3, 0/22 HPs)
             Began as a Gargoyle Venom Mage on Jan 9, 2019.
             Slain by a ball python (1 damage)
             ... on level 2 of the Dungeon.
             The game lasted 00:02:43 (2069 turns).

EnegeticOcto the Stinger (Gargoyle Venom Mage)      Turns: 2069, Time: 00:02:44

Health: 0/22       AC: 10    Str: 12    XL:     3   Next: 85%
Magic:  6/6        EV:  6    Int: 12    God:
Gold:   82         SH:  0    Dex: 10    Spells: 5/6 levels left

rFire    . . .     SeeInvis .   h - +0 club
rCold    . . .     Gourm    .   (no shield)
rNeg     + . .     Faith    .   i - +1 scale mail
rPois    ∞         Spirit   .   (no helmet)
rElec    +         Reflect  .   (no cloak)
rCorr    .         Harm     .   (no gloves)
MR       .....                  (no boots)
Stlth    ..........             (no amulet)
HPRegen  0.07/turn              e - -3 ring of intelligence (curse)
MPRegen  0.10/turn              (no ring)

@: constricted
A: negative energy resistance 1, electricity resistance, unbreathing,
petrification resistance, rot immunity, AC +3
a: no special abilities


You were on level 2 of the Dungeon.
You were not hungry.

You visited 1 branch of the dungeon, and saw 2 of its levels.

You collected 82 gold pieces.

Inventory:

Hand Weapons
 h - a +0 club (weapon)
Armour
 i - a +1 scale mail (worn)
Jewellery
 e - a cursed -3 ring of intelligence (left hand)
Scrolls
 g - 3 scrolls of identify
Potions
 d - a potion of mutation
 f - a potion of flight
Comestibles
 a - 3 chunks of flesh
 c - 4 rations


   Skills:
 + Level 2.8 Fighting
 * Level 1.9 Maces & Flails
 - Level 1.5 Dodging
 - Level 2.1 Stealth
 - Level 2.0 Spellcasting
 - Level 1.1 Conjurations
 - Level 3.0 Poison Magic


You had 5 spell levels left.
You knew the following spells:

 Your Spells              Type           Power        Failure   Level  Hunger
a - Sting                 Conj/Pois      #...         54%         1    ##.....

Your spell library contained the following spells:

 Spells                   Type           Power        Failure   Level  Hunger
 Poisonous Vapours        Pois/Air       #.....       77%         2    ###....
 Mephitic Cloud           Conj/Pois/Air  #.......     95%         3    ####...
 Olgreb's Toxic Radiance  Pois           #.......     99%         4    #####..
 Venom Bolt               Conj/Pois      #.........   100%        5    ######.


Dungeon Overview and Level Annotations

Branches:
Dungeon (2/15)

Altars:
Sif Muna


Innate Abilities, Weirdness & Mutations

You are resistant to torment.
Your stone body is resilient. (AC +3)
You are immune to poison.
You resist negative energy. (rN+)
You are resistant to electric shocks. (rElec)
You can survive without breathing.
You are immune to petrification.
You are immune to rotting.


Message History

You hit the adder but do no damage.
The adder is moderately wounded.
The adder closely misses you.
You hit the adder.
The adder is heavily wounded.
The adder barely misses you. The adder bites you but does no damage.
You hit the adder.
The adder is severely wounded.
The adder bites you.
* * * LOW HITPOINT WARNING * * *
The adder bites you but does no damage.
Some of the chunks of flesh in your inventory have rotted away.
The adder bites you.
* * * LOW HITPOINT WARNING * * *
The adder closely misses you.
You hit the adder.
The adder is almost dead.
The adder bites you but does no damage. The ball python barely misses you.
The ball python grabs you.
You die...

#####.## #.# # ##.##
#.#
####...###########
#.#
.................#
#.#
..##..)#########.###
#.# ...........#
#...###.#
..###.####.#
#(#.....# .## #.#
#.# #(#.#.#.# ## #.#
#.# #@#.....#
#####.####.#
#SS.#.#.#
......#....#
#.......#
#######.####
#g#####.# #.# #g#
#.# #.# ###g# #.#
#.# #...# #.# #.#
#.#.# #.# #.# #g#.#
#.#


You could see an adder, a hobgoblin, 2 goblins and a ball python.

Vanquished Creatures
  An adder (D:2)
  2 worms (D:2)
  A dart slug (D:1)
  An orc (D:2)
  2 giant cockroaches (D:1)
  6 goblins
  3 hobgoblins
  7 kobolds
  A ball python (D:1)
  6 bats
  A frilled lizard (D:2)
  3 rats
34 creatures vanquished.

Notes
Turn   | Place    | Note
-------+----------+-------------------------------------------
     0 | D:1      | EnegeticOcto the Gargoyle Venom Mage began the quest for
                  | the Orb.
     0 | D:1      | Reached XP level 1. HP: 10/10 MP: 3/3
   157 | D:1      | Reached skill level 1 in Fighting
   179 | D:1      | Reached XP level 2. HP: 15/17 MP: 0/5
   978 | D:2      | Reached XP level 3. HP: 22/22 MP: 6/6
  1056 | D:2      | Reached skill level 1 in Maces & Flails
  1549 | D:2      | Found a deep blue altar of Sif Muna.
  2065 | D:2      | HP: 1/22 [adder (3)]
  2069 | D:2      | Slain by a ball python

Vault maps used:
D:1:      psy_arrival_terrarium, minmay_three_crescents
D:2:      minmay_spotlight, nicolae_overflow_crystal_walls, serial_glass,
          glass_columns_a, glass_columns_a

Skill      XL: |  1  2  3 |
---------------+----------+-----
Fighting       | 1 2 |  2.8
Maces & Flails | 1 |  1.9
Dodging        | |  1.5
Stealth        | |  2.1
Spellcasting   | |  2.0
Conjurations   | |  1.1
Poison Magic   | |  3.0

Action                   || total
-------------------------++-------
Melee: Short sword       ||    17
       Club              ||   147
 Cast: Sting             ||    34
  Use: Scroll            ||     3
 Stab: Sleeping          ||     3
  Eat: Chunk             ||     5
Armor: Robe              ||    42
       Scale mail        ||    69
Dodge: Dodged            ||   141

Table legend:
 A = Non-vault XP
 B = Vault XP
 C = Vault XP percentage of total XP
 D = Non-vault monster count
 E = Vault monster count
 F = Vault count percentage of total count
                 A         B        C        D         E       F
            +---------+---------+-------+---------+---------+-------
      Total |      66 |       9 |  12.0 |      28 |       6 |  17.6
            +---------+---------+-------+---------+---------+-------
        D:1 |      24 |       9 |  27.3 |      12 |       6 |  33.3
        D:2 |      42 |       0 |   0.0 |      16 |       0 |   0.0
            +---------+---------+-------+---------+---------+-------
